 Dungeon Crawl Stone Soup version 0.31.0-32-g396128a36d (webtiles) character file.

Game seed: 6491354371731610633

1 spaghetti the Slasher (level 1, 0/31 HPs)
             Began as a Naga Berserker on Mar 25, 2024.
             Was a Follower of Trog.
             Frozen to death by an endoplasm (4 damage)
             ... on level 1 of the Dungeon.
             The game lasted 00:00:07 (27 turns).

spaghetti the Slasher (Naga Berserker)                Turns: 27, Time: 00:00:08

Health: 0/31       AC:  1    Str: 19    XL:     1   Next: 20%
Magic:  1/1        EV:  9    Int:  7    God:    Trog [*.....]
Gold:   8          SH:  0    Dex: 10    Spells: 0/0 levels left

rFire   . . .        a - +0 falchion
rCold   . . .        (no shield)
rNeg    . . .        b - +0 animal skin
rPois   +            (no helmet)
rElec   .            (no cloak)
rCorr   .            (no gloves)
SInv    +            (no barding)
Will    .....        (no amulet) Stlth
                     (no ring)
HPRegen 0.25/turn    (no ring)
MPRegen 0.07/turn

%: no passive effects
@: berserking, quick
A: AC +0, large, see invisible, deformed body, poison resistance, slowness 2,
spit poison 1, naga tail 1
a: Spit Poison, Renounce Religion, Berserk


You were on level 1 of the Dungeon.
You worshipped Trog.
Trog was aware of your devotion.
You visited 1 branch of the dungeon, and saw 1 of its levels.

You collected 8 gold pieces.

Inventory:

Hand Weapons
 a - a +0 falchion (weapon)
Armour
 b - a +0 animal skin (worn)
Scrolls
 c - a scroll of teleportation {unknown}


   Skills:
 - Level 3.0 Fighting
 + Level 3.1 Long Blades
 - Level 1.5 Armour
 - Level 1.5 Dodging


You couldn't memorise any spells.
You didn't know any spells.
Your spell library was empty.

Dungeon Overview and Level Annotations

Branches:
Dungeon (1/15)

Altars:


Innate Abilities, Weirdness & Mutations

Your serpentine skin is tough. (AC +0)
You have supernaturally acute eyesight. (SInv)
Armour fits poorly on your strangely shaped body.
Your system is resistant to poisons. (rPois)
You cover ground very slowly.
You can spit poison.
You have a snake-like lower body.


Message History

You kill the kobold!
Trog accepts your kill.
The giant cockroach bites you but does no damage.
The goblin hits you with a +0 club. The giant cockroach barely misses you.
You completely miss the goblin. The goblin barely misses you.
An endoplasm comes into view.
The giant cockroach barely misses you.
You hit the goblin but do no damage.
The giant cockroach bites you but does no damage.
The goblin hits you with a +0 club.
You barely miss the goblin. The giant cockroach bites you.
The goblin misses you.
A ball python comes into view.
The giant cockroach bites you.
A red film seems to cover your vision as you go berserk!
You feel yourself moving faster!
You feel mighty!
The ball python hisses angrily.
The goblin hits you with a +0 club.
* * * LOW HITPOINT WARNING * * *
The kobold barely misses you. The giant cockroach bites you.
* * * LOW HITPOINT WARNING * * *
You hit the goblin.
You kill the goblin!
Trog accepts your kill. The kobold barely misses you.
The giant cockroach bites you.
* * * LOW HITPOINT WARNING * * *
A dart slug comes into view.
You barely miss the kobold. The kobold misses you.
The giant cockroach bites you.
* * * LOW HITPOINT WARNING * * *
You closely miss the kobold. You miss the kobold.
The giant cockroach bites you but does no damage.
The kobold hits you with a +0 club.
* * * LOW HITPOINT WARNING * * *
The endoplasm barely misses you.
You barely miss the kobold. The giant cockroach barely misses you.
The endoplasm freezes you.
You are frozen.
You die...

.....# #
#....#######
#.#...........
#.#...........
.w...........
#...........
#..K)B......
#.SJ@)......
#.#.########
.#####...#
.........#
....###.## ###
#.#
######'######
#...........#
#...........#


You could see a dart slug, an endoplasm, a giant cockroach, a ball python and a
kobold.

Vanquished Creatures
  A goblin (D:1)
  A kobold (D:1)
2 creatures vanquished.

Notes
Turn   | Place    | Note
-------+----------+-------------------------------------------
     0 | D:1      | spaghetti the Naga Berserker began the quest for the Orb.
     0 | D:1      | Reached XP level 1. HP: 21/21 MP: 1/1
    27 | D:1      | Frozen to death by an endoplasm

Illustrated notes

Levels and vault maps discovered:
D:1:      psy_arrival_statuary, layout_basic, minmay_split_cup_small

Action                     || total
---------------------------++-------
  Melee: Falchion          ||    11
 Invoke: Berserk           ||     1
 Armour: Animal skin       ||    16
  Dodge: Dodged            ||    11
